 Dungeon Crawl Stone Soup version 0.19-a0-277-g85cb9a5 (webtiles) character file.

52956 ololoev the Jinx (level 14, -6/59 HPs)
             Began as a Spriggan Enchanter on May 26, 2016.
             Was a High Priest of Dithmenos.
             Mangled by Norris
             ... wielding a +3 mace of freezing
              (25 damage)
             ... on level 1 of the Depths.
             The game lasted 01:11:24 (18213 turns).

ololoev the Jinx (Spriggan Enchanter)              Turns: 18213, Time: 01:11:24

Health: -6/59      AC:  5    Str: 12    XL:     14   Next: 29%
Magic:  24/39      EV: 29    Int: 17    God:    Dithmenos [*****.]
Gold:   109        SH:  9    Dex: 20    Spells: 4 memorised, 24 levels left

rFire  + . .     SeeInvis +     a - +3 dagger (speed)
rCold  + . .     Gourm    .     F - troll hide
rNeg   . . .     Faith    .     z - +1 buckler of Dogma {MP+9 Str+5}
rPois  .         Spirit   .     (helmet restricted)
rElec  +         Dismiss  .     J - +2 cloak
rCorr  .         Reflect  .     (gloves unavailable)
SustAt .         Harm     .     (boots unavailable)
MR     ++...                    (no amulet)
Stlth  +++++++++.               y - ring "Isaome" {rElec rF+ Dex+2}
                                x - ring of protection from cold

@: wreathed by umbra, very quick, very resistant to hostile enchantments,
incredibly stealthy
A: unfitting armour, see invisible, herbivore 3, speed 3, slow metabolism 2
a: Shadow Step, Shadow Form, Renounce Religion


Innate Abilities, Weirdness & Mutations

You are tiny and cannot use many weapons and most armour.
You have supernaturally acute eyesight. (SInv)
You are a herbivore.
You cover ground extremely quickly.
You need consume almost no food.

Inventory:

Hand Weapons
 a - a +3 dagger of speed (weapon)
Armour
 h - a +1 robe of magic resistance
 z - the +1 buckler of Dogma (worn) {MP+9 Str+5}
   (You acquired it on level 12 of the Dungeon)

   It affects your strength (+5).
   It affects your magic capacity (+9).
 F - a troll hide (worn)
 J - a +2 cloak (worn)
Jewellery
 x - a ring of protection from cold (left hand)
 y - the ring "Isaome" (right hand) {rElec rF+ Dex+2}
   (You found it on level 14 of the Dungeon)

   [ring of protection from fire]

   It affects your dexterity (+2).
   It protects you from fire.
   It insulates you from electricity.
 A - the ring "Roohuuta" {MR+ Str+4 Int+5}
   (You bought it in a shop in a bazaar)

   [ring of protection from magic]

   It affects your strength (+4).
   It affects your intelligence (+5).
   It affects your resistance to hostile enchantments.
 B - an uncursed ring of poison resistance
Wands
 k - a wand of teleportation (4/9)
 C - a wand of hasting (4/9)
 L - a wand of disintegration (15/24)
Scrolls
 j - 3 scrolls of fog
 n - 5 scrolls of remove curse
 q - 4 scrolls of enchant weapon
 r - 6 scrolls of teleportation
 s - 4 scrolls of identify
 t - 3 scrolls of magic mapping
 v - 4 scrolls of recharging
 w - a scroll of blinking
 E - a scroll of amnesia
 K - a scroll of holy word
Potions
 c - 2 potions of haste
 e - 3 potions of curing
 f - 6 potions of agility
 g - 2 potions of berserk rage
 i - 4 potions of brilliance
 l - 3 potions of invisibility
 m - a potion of cure mutation
 o - 3 potions of resistance
 p - 3 potions of might
 u - 4 potions of magic
 D - 2 potions of heal wounds
 G - a potion of cancellation
 I - 2 potions of flight
Miscellaneous
 b - a phial of floods
Comestibles
 d - 12 bread rations
 H - 7 fruits


   Skills:
 * Level 12.8 Short Blades
 + Level 4.6 Armour
 + Level 12.3 Dodging
 + Level 13.6 Stealth
 * Level 5.8 Shields
 + Level 11.3 Spellcasting
 * Level 13.9 Hexes
 - Level 6.3 Invocations


You had 24 spell levels left.
You knew the following spells:

 Your Spells              Type           Power        Failure   Level  Hunger
b - Ensorcelled Hibernat  Hex/Ice        ####..       1%          2    None
c - Confuse               Hex            ######..     1%          3    None
d - Tukima's Dance        Hex            ######..     1%          3    None
s - Dazzling Spray        Conj/Hex       ####..       1%          3    None


You were on level 1 of the Depths.
You worshipped Dithmenos.
Dithmenos was extremely pleased with you.
You were not hungry.

You visited 2 branches of the dungeon, and saw 16 of its levels.
You visited 1 bazaar.
You also visited: Sewer.

You collected 1005 gold pieces.
You spent 896 gold pieces at shops.

###......#..
..#............
................
#...............
.................
.#..........(....
..#..#...........
........§§@......
.......§@.....#
......§§§.....#
..#.##........# #
#.(.......
#.....####
#....## ..s...
.......

Notes
Turn   | Place    | Note
--------------------------------------------------------------
     0 | D:1      | ololoev the Spriggan Enchanter began the quest for the Orb.
     0 | D:1      | Reached XP level 1. HP: 9/9 MP: 5/5
   158 | D:1      | Reached XP level 2. HP: 7/13 MP: 4/6
   162 | D:1      | Learned a level 2 spell: Ensorcelled Hibernation
  1087 | D:1      | Reached XP level 3. HP: 9/16 MP: 3/8
  1465 | D:1      | Reached skill level 5 in Stealth
  1606 | D:2      | Learned a level 3 spell: Confuse
  1620 | D:2      | Noticed Jessica
  1645 | D:2      | Killed Jessica
  1645 | D:2      | Reached XP level 4. HP: 21/21 MP: 6/10
  1835 | D:2      | Found a snail-covered altar of Cheibriados.
  2196 | D:2      | Noticed Crazy Yiuf
  2202 | D:2      | Killed Crazy Yiuf
  2311 | D:2      | Reached XP level 5. HP: 20/24 MP: 12/12
  2316 | D:2      | Learned a level 3 spell: Tukima's Dance
  2378 | D:3      | Found a shadowy altar of Dithmenos.
  2380 | D:3      | Found a basalt altar of Yredelemnul.
  2393 | D:4      | Noticed Dowan
  2468 | D:3      | Noticed Purgy
  2477 | D:3      | Became a worshipper of Dithmenos the Shadowed
  2499 | D:4      | Noticed ololoev's ghost (weakling SpEn)
  2508 | D:4      | Killed ololoev's ghost
  2526 | D:4      | Noticed an ogre
  2533 | D:4      | Killed an ogre
  2533 | D:4      | Reached skill level 5 in Hexes
  2533 | D:4      | Reached XP level 6. HP: 28/28 MP: 11/14
  2675 | D:4      | Noticed Duvessa
  2886 | D:4      | Killed Dowan
  2912 | D:4      | Killed Duvessa
  2912 | D:4      | Reached skill level 5 in Spellcasting
  3097 | D:4      | Reached XP level 7. HP: 32/32 MP: 10/15
  3107 | D:4      | Learned a level 3 spell: Dazzling Spray
  3126 | D:4      | Found a glowing drain.
  3173 | Sewer    | Entered a sewer
  3504 | Sewer    | Reached * piety under Dithmenos
  4460 | Sewer    | Reached skill level 5 in Dodging
  4479 | Sewer    | Reached ** piety under Dithmenos
  4736 | D:3      | Found an oddly glowing altar of Pakellas.
  4736 | D:3      | Noticed a fire dragon
  4782 | D:3      | Killed Purgy
  4782 | D:3      | Reached skill level 1 in Invocations
  5221 | D:5      | Entered Level 5 of the Dungeon
  5223 | D:5      | Reached XP level 8. HP: 36/36 MP: 18/18
  5240 | D:5      | Reached skill level 5 in Short Blades
  5278 | D:5      | Found an opulent altar of Gozag.
  6192 | D:6      | Noticed oplop's ghost (novice VSEn)
  6220 | D:6      | Killed oplop's ghost
  6439 | D:6      | Reached *** piety under Dithmenos
  6609 | D:6      | Reached XP level 9. HP: 39/39 MP: 21/21
  6807 | D:6      | Noticed Edmund
  6826 | D:6      | Killed Edmund
  6943 | D:6      | Found a shimmering altar of Xom.
  7129 | D:6      | Noticed Grinder
  7168 | D:6      | Found Fagiene's Armour Shoppe.
  7225 | D:6      | Killed Grinder
  7573 | D:7      | Found a staircase to the Ecumenical Temple.
  7616 | D:7      | Noticed Joseph
  7635 | D:7      | Killed Joseph
  7768 | D:7      | Reached **** piety under Dithmenos
  8017 | D:8      | Found a basalt altar of Yredelemnul.
  8168 | D:8      | Found a deep blue altar of Sif Muna.
  8208 | D:8      | Found a glowing silver altar of Zin.
  8226 | D:8      | Reached XP level 10. HP: 44/44 MP: 14/23
  9017 | D:9      | Found a sacrificial altar of Ru.
  9072 | D:9      | Identified a -2 rod of ignition (11/11) (You found it on level 9 of the Dungeon)
  9123 | D:9      | Found a staircase to the Orcish Mines.
  9152 | D:9      | Reached skill level 10 in Hexes
  9733 | D:9      | Reached ***** piety under Dithmenos
  9943 | D:10     | Entered Level 10 of the Dungeon
  9945 | D:10     | Noticed Nergalle
 10650 | D:10     | Found a glowing silver altar of Zin.
 10666 | D:10     | Killed Nergalle
 10666 | D:10     | Reached skill level 10 in Stealth
 10666 | D:10     | Reached skill level 5 in Invocations
 10669 | D:10     | Reached skill level 1 in Armour
 10882 | D:10     | Noticed a gargoyle
 10892 | D:10     | Killed a gargoyle
 10892 | D:10     | Reached XP level 11. HP: 47/47 MP: 21/25
 10967 | D:10     | Noticed Sonja
 10972 | D:10     | Killed Sonja
 11670 | D:11     | Found a staircase to the Lair.
 11725 | D:11     | Noticed a hill giant
 11729 | D:11     | Killed a hill giant
 11977 | D:11     | Reached skill level 10 in Short Blades
 12147 | D:11     | Noticed a purple ugly thing
 12156 | D:11     | Killed a purple ugly thing
 12411 | D:11     | Reached skill level 10 in Dodging
 12479 | D:12     | Identified a scroll of acquirement
 12480 | D:12     | Got a brightly glowing buckler
 12486 | D:12     | Identified the +1 buckler of Dogma {MP+9 Str+5} (You acquired it on level 12 of the Dungeon)
 12551 | D:12     | Noticed Rupert
 12562 | D:12     | Killed Rupert
 12562 | D:12     | Reached skill level 1 in Shields
 12575 | D:12     | Noticed a six-headed hydra
 12579 | D:12     | Killed a six-headed hydra
 12579 | D:12     | Reached XP level 12. HP: 41/51 MP: 26/26
 12818 | D:12     | Found a huge runed gate.
 12818 | D:12     | Found a huge runed gate.
 12818 | D:12     | Found a huge runed gate.
 12818 | D:12     | Found a huge runed gate.
 12849 | D:12     | Reached skill level 10 in Spellcasting
 13919 | D:13     | Noticed a tengu warrior
 13961 | D:13     | Killed a tengu warrior
 14621 | D:13     | Noticed a vault guard
 14854 | D:13     | Reached XP level 13. HP: 40/55 MP: 26/28
 14917 | D:13     | namelastname112: ннннахуй спригганов
 14925 | D:13     | Killed a vault guard
 14926 | D:13     | namelastname112: никогда больше ими играть не буду
 14926 | D:13     | ololoev: why?
 14926 | D:13     | oplop: ололо ололой
 14926 | D:13     | ololoev: хп слишком мало?
 14926 | D:13     | namelastname112: мне не понравилось
 14926 | D:13     | ololoev: yo
 14928 | D:13     | namelastname112: хп мало
 14938 | D:13     | namelastname112: и броню не надеть
 14939 | D:13     | oplop: зато доджа много!
 14939 | D:13     | ololoev: слотов нет почти
 14939 | D:13     | namelastname112: ммм
 14939 | D:13     | oplop: идешь к чеи и носишь гда
 14957 | D:13     | namelastname112: додж
 14970 | D:13     | namelastname112: знаешь
 15107 | D:13     | namelastname112: я как-то раз тыкал дип эльфа аннигилятора
 15108 | D:13     | Noticed a vault guard
 15108 | D:13     | namelastname112: бум
 15109 | D:13     | namelastname112: лкс в ебало
 15111 | D:13     | namelastname112: думаю, типа окей
 15112 | D:13     | namelastname112: юзаю хв
 15114 | D:13     | namelastname112: бум
 15114 | D:13     | namelastname112: еще одно
 15115 | D:13     | namelastname112: труп
 15118 | D:13     | Killed a vault guard
 15119 | D:13     | namelastname112: с тех пор я не доверяю доджу
 15225 | D:13     | Found a gate to the Vaults.
 15559 | D:14     | oplop: это был самый меткий дипэльф эльфятни
 15577 | D:14     | oplop: легендарный метатель лкс в ебало
 15667 | D:14     | oplop: кстати, у лкс просто дохуя дамага или есть ирризистибл компонент?
 15703 | D:14     | ololoev: вроде нет
 15888 | D:14     | Found an opulent altar of Gozag.
 15896 | D:14     | Got a serpentine wooden ring
 15897 | D:14     | Identified the ring "Isaome" {rElec rF+ Dex+2} (You found it on level 14 of the Dungeon)
 15898 | D:14     | oplop: без бима грустно
 16006 | D:15     | Entered Level 15 of the Dungeon
 16053 | D:15     | Found a flickering gateway to a bazaar.
 16059 | Bazaar   | Entered a bazaar
 16247 | Bazaar   | Found Houcucau's Jewellery Emporium.
 16255 | Bazaar   | ololoev: нефиг мне чат засорять
 16255 | Bazaar   | namelastname112: в смысле иррезистбл
 16255 | Bazaar   | namelastname112: у него просто дамага дохуища
 16255 | Bazaar   | namelastname112: который по ас ебет
 16255 | Bazaar   | ololoev: ну я так понял в смысле плюет на АС
 16265 | Bazaar   | namelastname112: лол
 16317 | Bazaar   | Found Zaaz's Jewellery Emporium.
 16318 | Bazaar   | namelastname112: не плюет
 16325 | Bazaar   | namelastname112: ты че
 16325 | Bazaar   | namelastname112: а
 16325 | Bazaar   | namelastname112: это оплоп имел в виду
 16325 | Bazaar   | namelastname112: понял
 16325 | Bazaar   | ololoev: вот я и говорю нет
 16364 | Bazaar   | Found Kegrosepn's Gadget Boutique.
 16400 | Bazaar   | Found Quinwuj's Magic Scroll Emporium.
 16408 | Bazaar   | ololoev: чет я прям хз что брать
 16408 | Bazaar   | namelastname112: айс колечко норм
 16408 | Bazaar   | namelastname112: если есть чем перекрыть
 16408 | Bazaar   | ololoev: так в том то и дело что нинужно
 16408 | Bazaar   | ololoev: перекрывается кольцом с рФ
 16408 | Bazaar   | ololoev: на котором тоже релек
 16408 | Bazaar   | ololoev: то есть я получаю просто рС MR++ за два кольца
 16408 | Bazaar   | ololoev: а могу например рФ+ MR+ сила инта получить да те же два кольца
 16408 | Bazaar   | ololoev: мазы мало
 16408 | Bazaar   | ololoev: разве что за 814 купить
 16438 | Bazaar   | Bought the ring "Roohuuta" {MR+ Str+4 Int+5} for 814 gold pieces
 16468 | Bazaar   | Bought a scroll of enchant weapon for 82 gold pieces
 16810 | D:15     | Noticed Urug
 16862 | D:15     | Killed Urug
 16966 | D:15     | Found a staircase to the Depths.
 16966 | D:15     | Noticed a dire elephant
 16968 | D:15     | Noticed an emperor scorpion
 16972 | D:15     | Killed an emperor scorpion
 16972 | D:15     | Reached skill level 5 in Shields
 16975 | D:15     | Killed a dire elephant
 17512 | D:15     | Reached XP level 14. HP: 54/59 MP: 0/30
 17956 | Depths:1 | Entered Level 1 of the Depths
 18206 | Depths:1 | Noticed Norris
 18213 | Depths:1 | Mangled by Norris

Dungeon Overview and Level Annotations

Branches:
Dungeon (15/15)            Temple (0/1) D:7            Lair (0/8) D:11
    Orc (0/2) D:9          Vaults (0/5) D:13         Depths (1/5) D:15

Altars:
Cheibriados
Dithmenos
Gozag
Pakellas
Ru
Sif Muna
Xom
Yredelemnul
Zin

Shops:
D:6 [

Annotations:
Depths:1 Norris


Message History

You hit the red ugly thing.
The red ugly thing is moderately wounded.
You catch the helpless red ugly thing completely off-guard!
You perforate the red ugly thing like a sieve!!!
The red ugly thing is almost dead.
You hit the red ugly thing but do no damage.
The red ugly thing is almost dead.
You hit the red ugly thing but do no damage.
The red ugly thing is almost dead.
You hit the red ugly thing but do no damage.
The red ugly thing is almost dead.
You hit the red ugly thing but do no damage.
The red ugly thing is almost dead.
You catch the helpless red ugly thing completely off-guard!
You spit the red ugly thing like a pig!!!
You kill the red ugly thing!
Dithmenos accepts your kill.
Dithmenos appreciates your extinguishing a source of fire.
You feel sick.
Things that are here:
a dagger of venom; a robe; an ugly thing corpse You feel sick.
You are no longer poisoned.
HP restored.
There is a staircase back to the Dungeon here.
You climb upwards.
Welcome back to the Dungeon!
There is a staircase to the Depths, spattered with blood here.
You start resting.
Magic restored.
You climb downwards.
Welcome to the Depths!
There is a staircase back to the Dungeon here.
Norris the Nihilist comes into view.
He is wielding a mace of freezing.
Use which ability? (? or * to list)
Aiming: Shadow Step
Press: ? - help, Dir - move target cursor, f - Norris
Aim: Norris, wielding a mace of freezing and wearing a buckler (resting, umbra)
You step into Norris's shadow.
A redback comes into view.
Found 6 sling bullets.
The helpless Norris fails to defend himself.
You spit Norris like a pig!!!!
Norris is severely wounded.
Casting: Confuse
Confirm with . or Enter, or press ? or * to list all spells.
Aiming: Dazzling Spray
Press: ? - help, Shift-Dir - straight line, f/p - Norris
Aim: Norris, wielding a mace of freezing and wearing a buckler (severely wounded, umbra)
The spray of energy hits Norris.
Norris is severely wounded.
Norris utters an invocation to his god.
Norris flickers and vanishes for a moment.
Casting: Dazzling Spray
Confirm with . or Enter, or press ? or * to list all spells.
Aiming: Dazzling Spray
Press: ? - help, Shift-Dir - straight line, f/p - Norris
Aim: Norris, wielding a mace of freezing and wearing a buckler (severely wounded, slightly transparent, umbra) Norris blocks the spray of energy.
Norris hits you with a mace of freezing!
Norris freezes you.
Casting: Dazzling Spray
Confirm with . or Enter, or press ? or * to list all spells.
Aiming: Dazzling Spray
Press: ? - help, Shift-Dir - straight line, f/p - Norris
Aim: Norris, wielding a mace of freezing and wearing a buckler (severely wounded, slightly transparent, umbra)
The spray of energy hits Norris.
Norris is almost dead.
Your shadow mimicks your spell!
The shadow shard hits Norris.
Norris hits you with a mace of freezing!!
You emit a cloud of dark smoke.
Norris freezes you.
Casting: Dazzling Spray
Confirm with . or Enter, or press ? or * to list all spells.
Aiming: Dazzling Spray
Press: ? - help, Shift-Dir - straight line, f/p - Norris
Aim: Norris, wielding a mace of freezing and wearing a buckler (almost dead, slightly transparent, umbra) Norris blocks the spray of energy.
Your shadow mimicks your spell!
Norris blocks the shadow shard.
Norris hits you with a mace of freezing!!
You die...

You could see Norris (invisible) and a redback.

Vanquished Creatures
  Rupert (D:12)
  An emperor scorpion (D:15)
  A dire elephant (D:15)
  2 vault guards (D:13)
  A great orb of eyes (D:15)
  2 hydras
  A centaur warrior (D:13)
  A death knight (D:15)
  An ogre mage (D:15)
  A tengu warrior (D:13)
  A spriggan berserker (Depths:1)
  Sonja (D:10)
  2 spriggans (Depths:1)
  A deep elf knight (D:13)
  Nergalle (D:10)
  An iron giant skeleton (Depths:1)
  An unseen horror (D:13)
  3 hill giants
  4 necromancers
  A phantasmal warrior (D:15)
  A wizard (D:13)
  21 ugly things
  2 wolf spider zombies (D:15)
  3 manticores
  A centaur zombie (D:15)
  Joseph (D:7)
  A gargoyle (D:10)
  The ghost of oplop the Sneak, a novice VSEn (D:6)
  8 yaktaurs (D:15)
  3 freezing wraiths
  A komodo dragon (D:15)
  2 efreet
  A kobold demonologist (D:11)
  4 trolls
  6 polar bears (D:12)
  2 two-headed ogres
  3 slime creatures (D:15)
  Grinder (D:6)
  A stone giant simulacrum (Depths:1)
  A dancing weapon (D:9)
  2 shadows
  9 yaks
  2 vampires
  2 wyverns
  16 humans (D:13)
  2 wraiths (D:15)
  A hog (D:12)
  5 hippogriffs
  A basilisk (D:14)
  3 hungry ghosts
  Edmund (D:6)
  A water moccasin (D:11)
  Duvessa (D:4)
  4 sky beasts
  Purgy (D:3)
  8 orc warriors
  3 wasps
  6 black bears
  3 phantoms
  An eye of draining (D:12)
  2 ice beasts
  11 ogres
  6 wolves
  8 centaurs
  8 big kobolds
  2 crocodiles (D:9)
  12 giant frogs
  2 wyvern zombies
  A scorpion (D:7)
  Dowan (D:4)
  11 killer bees
  12 wights
  3 electric eels (D:11)
  9 howler monkeys
  8 crimson imps
  6 centaur skeletons
  4 giant frog skeletons
  10 hounds
  4 jellies
  8 orc priests
  The ghost of ololoev the Sneak, a weakling SpEn (D:4)
  Crazy Yiuf (D:2)
  11 orc wizards
  4 iguanas
  Jessica (D:2)
  8 worker ants
  2 killer bee zombies
  3 hound zombies
  4 hound skeletons
  7 gnolls
  19 adders
  6 river rats (Sewer)
  2 shadow imps
  2 oozes
  An adder zombie (D:5)
  An adder skeleton (D:9)
  A worm (D:6)
  4 dart slugs
  4 giant geckos
  50 orcs
  11 ball pythons (Sewer)
  6 bats
  10 giant cockroaches
  10 goblins
  8 hobgoblins
  13 jackals
  26 kobolds
  8 quokkas
  A giant cockroach zombie (D:5)
  A giant gecko zombie (D:5)
  7 giant newts
  A quokka zombie (D:7)
  29 rats
555 creatures vanquished.

Vanquished Creatures (others)
  Urug (D:15)
  A yaktaur (D:15)
  A two-headed ogre (D:15)
  A human (D:15)
  A giant frog (D:15)
  A killer bee (D:15)
  A fungus (D:2)
7 creatures vanquished.

Grand Total: 562 creatures vanquished

Action                   |  1- 3 |  4- 6 |  7- 9 | 10-12 | 13-15 || total
-------------------------+-------+-------+-------+-------+-------++-------
Melee: Dagger            |   110 |    67 |   425 |   800 |   195 ||  1597
Throw: Tomahawk          |       |       |     1 |       |       ||     1
 Cast: Corona            |     3 |       |       |       |       ||     3
       Ensorcelled Hiber |    18 |    25 |   117 |   157 |    68 ||   385
       Confuse           |       |     6 |    26 |    57 |    49 ||   138
       Tukima's Dance    |       |       |       |     4 |     3 ||     7
       Dazzling Spray    |       |       |       |    12 |    23 ||    35
Invok: Shadow Step       |       |       |       |     5 |     7 ||    12
Evoke: Wand              |       |       |       |     4 |       ||     4
  Use: Scroll            |     4 |     5 |     9 |    14 |     5 ||    37
       Potion            |       |       |       |     1 |       ||     1
 Stab: Sleeping          |    23 |    28 |   104 |   147 |    61 ||   363
       Confused          |       |     5 |    17 |    39 |    25 ||    86
       Distracted        |       |       |       |     2 |       ||     2
       Invisible         |       |       |       |     1 |     5 ||     6
  Eat: Bread ration      |       |     1 |     1 |     1 |       ||     3
       Pizza             |       |       |       |     2 |       ||     2
Armor: Robe              |    26 |     5 |    39 |    30 |     8 ||   108
       Fire dragon armou |       |       |       |     6 |       ||     6
       Troll hide        |       |       |       |       |     4 ||     4
Dodge: Dodged            |   113 |    35 |   333 |   371 |   102 ||   954
Block: Buckler           |       |       |       |    50 |    52 ||   102

Vault maps used:
D:1:      minmay_arrival_solitary_statue
D:2:      lemuel_doored_altar, uniq_crazy_yiuf_cottage, uniq_jessica
D:3:      nicolae_overflow_hidden_temple, gammafunk_pakellas_cloud_experiment,
          uniq_purgy
D:4:      wad_pebble_path, portal_sewer_entry_d, minmay_misc_feat_encased,
          kennysheep_windowed_goal, uniq_duvessa
D:5:      basic_altar, first_bread, hangedman_decor_riveting
D:6:      lemuel_coloured_pillars_altar, serial_shops, shop, st_stairs_12,
          uniq_edmund, uniq_grinder
D:7:      minmay_temple_entry_overgrown, uniq_joseph
D:8:      overflow_temple_1_default, special_room, hangedman_feature_mirror,
          grunt_ogre_cave, nicolae_wwwww
D:9:      nicolae_ru_path_of_blood, orc_0_dummy
D:10:     basic_altar, uniq_nergalle, uniq_sonja
D:11:     erik_lair_island, kennysheep_generic_room_9
D:12:     lemuel_bear_cage, uniq_rupert
D:13:     grunt_vaults_entry_tiered
D:14:     basic_altar
D:15:     hangedman_depths_entry_try_elsewhere_first, nicolae_benzene_ring,
          serial_shops, freezing_bzr, uniq_urug
Depths:1: pf_dread_powers_of_hell, serial_shops, kennysheep_mini,
          abyss_entry_crystal, minmay_misc_feat_tiny, nrook_uturn,
          minmay_statues_item, minivault_22, moated_statue, minmay_three_doors,
          uniq_norris
Bazaar:   bazaar_minmay_generic_d
Sewer:    sewer_minmay_w
